 Dungeon Crawl Stone Soup version 0.20-a0-1050-g57248f3 (webtiles) character file.

50 Duffy the Conjurer (level 3, -2/24 HPs)
             Began as a Demonspawn Fire Elementalist on Apr 25, 2017.
             Slain by an adder (5 damage)
             ... on level 2 of the Dungeon.
             The game lasted 00:00:43 (738 turns).

Duffy the Conjurer (Demonspawn Fire Elementalist)    Turns: 738, Time: 00:00:43

Health: -2/24      AC:  2    Str:  8    XL:     3   Next: 55%
Magic:  4/6        EV: 12    Int: 17    God:
Gold:   44         SH:  0    Dex: 13    Spells: 5/6 levels left

rFire    . . .     SeeInvis .   m - +0 short sword
rCold    . . .     Gourm    .   (no shield)
rNeg     + . .     Faith    .   a - +0 robe
rPois    .         Spirit   .   (no helmet)
rElec    .         Reflect  .   (no cloak)
rCorr    .         Harm     .   (no gloves)
MR       +....                  (no boots)
Stlth    ++........             (no amulet)
Regen    0.1/turn               d - ring of positive energy
MPRegen  0.1/turn               i - ring of protection from magic

@: lethally poisoned (-2 -> -14)
A: spiny 2
a: no special abilities


You were on level 2 of the Dungeon.
You were not hungry.

You visited 1 branch of the dungeon, and saw 2 of its levels.

You collected 44 gold pieces.

Inventory:

Hand Weapons
 m - a +0 short sword (weapon)
Missiles
 j - 3 curare-tipped needles
Armour
 a - a +0 robe (worn)
Jewellery
 d - a ring of positive energy (left hand)
 i - a ring of protection from magic (right hand)
Scrolls
 e - a scroll of fog {unknown}
 g - a scroll of identify {unknown}
 p - a scroll of noise {unknown}
Potions
 h - a potion of haste {unknown}
 k - a potion of resistance {unknown}
 l - a potion of heal wounds {unknown}
Books
 b - a book of Flames

   Spells                             Type                      Level
   a - Flame Tongue                   Conjuration/Fire             1
   b - Throw Flame                    Conjuration/Fire             2
   c - Conjure Flame                  Conjuration/Fire             3
   d - Inner Flame                    Hexes/Fire                   3
   e - Sticky Flame                   Conjuration/Fire             4
   f - Fireball                       Conjuration/Fire             5
Comestibles
 c - a bread ration
 f - 4 fruits
 n - a royal jelly
 o - 2 chunks of flesh


   Skills:
 - Level 1.7 Dodging
 - Level 1.7 Stealth
 - Level 2.0 Spellcasting
 + Level 3.5 Conjurations
 - Level 2.6 Fire Magic


You had 5 spell levels left.
You knew the following spells:

 Your Spells              Type           Power        Failure   Level  Hunger
h - Flame Tongue          Conj/Fire      ##...        5%          1    #......


Dungeon Overview and Level Annotations

Branches:
Dungeon (2/15)

Altars:


Innate Abilities, Weirdness & Mutations

You are mostly covered in sharp spines.


Message History

The adder is struck by your spines. The adder bites you.
You are more poisoned.
The adder poisons you!
You are too injured to fight recklessly!
Casting: Flame Tongue
Confirm with . or Enter, or press ? or * to list all spells.
Aiming: Flame Tongue
Press: ? - help, Shift-Dir - straight line, f - Natasha
Aim: Natasha (heavily wounded)
The flame tongue hits Natasha.
You kill Natasha!
Natasha screams in pain as she dies!
Your Conjurations skill increases to level 3!
You have reached level 3!
Your experience leads to an increase in your attributes!
Increase (S)trength, (I)ntelligence, or (D)exterity?
You feel clever.
Your demonic ancestry asserts itself...
Sharp spines emerge from more of your body.
You feel sick. The adder bites you.
You die...

# .
>###.########
.....#...(..
#.#.......##
#.....S....#
#%....@...#
#...#+##..#
## #.##..#
#....<#
#######


You could see an adder.

Vanquished Creatures
  Natasha (D:2)
  2 leopard geckos (D:1)
  4 bats (D:1)
  4 giant cockroaches (D:1)
  A goblin (D:1)
  3 hobgoblins (D:1)
  A ball python (D:1)
  3 kobolds (D:1)
  4 rats (D:1)
23 creatures vanquished.

Notes
Turn   | Place    | Note
-------+----------+-------------------------------------------
     0 | D:1      | Duffy the Demonspawn Fire Elementalist began the quest for the Orb.
     0 | D:1      | Reached XP level 1. HP: 13/13 MP: 3/3
    88 | D:1      | Reached skill level 2 in Conjurations
   143 | D:1      | Gained mutation: You are partially covered in sharp spines. [demonic ancestry]
   143 | D:1      | Reached XP level 2. HP: 17/19 MP: 0/5
   732 | D:2      | Noticed Natasha
   738 | D:2      | Killed Natasha
   738 | D:2      | Reached skill level 3 in Conjurations
   738 | D:2      | Gained mutation: You are mostly covered in sharp spines. [demonic ancestry]
   738 | D:2      | Reached XP level 3. HP: 4/24 MP: 4/6
   738 | D:2      | Slain by an adder

Vault maps used:
D:1:      lightli_iron_boxes
D:2:      nicolae_ru_sacrificial_ziggurat, nemelex_xobeh_ov_fountains_minmay,
          uniq_natasha, uniq_sigmund, uniq_jessica

Skill      XL: |  1  2 |
---------------+-------+-----
Conjurations   | 2 3 |  3.5
Dodging        | |  1.7
Stealth        | |  1.7
Spellcasting   | |  2.0
Fire Magic     | |  2.6

Action                   || total
-------------------------++-------
Melee: Short sword       ||    17
       Unarmed           ||     7
 Cast: Flame Tongue      ||    17
Armor: Robe              ||    11
Dodge: Dodged            ||    35
